AoeStats
← Erickinio

MegaRandom

508374337Analyzed
2v2 RM · 10d ago on Sep 22, 2026· 41m 33s· 4 players
Game mode
Random Map
Map size
Medium (4 player)
Population
200
Speed
Normal
Resources
Standard
Victory
Conquest
Starting age
Dark Age
Ending age
Imperial Age
RankedLock teamsTeams togetherTeam positionsShared explorationLock speedFull tech treeHidden civsTurbo modeCheats
Victory
Defeat
🇦🇺 Huns · Australia
855
+12
🇬🇧 Armenians · United Kingdom
840
+13
🇦🇷 Celts · Argentina
799
-14
🇨🇱 Mapuche · Chile
731
-11
mccoy.barkermill8
0:31 Loom
11:15 Feudal Age
11:52 Double-Bit Axe
11:52 Horse Collar
13:39 Forging
15:16 Wheelbarrow
14:24 Man-at-Arms
15:31 Scale Mail Armor
15:54 Long Swordsman
19:39 Arson
20:28 Gold Mining
24:24 Castle Age
23:22 Fletching
24:34 Scale Barding Armor
24:41 Stone Mining
24:38 Two-Handed Swordsman
26:04 Iron Casting
25:47 Hand Cart
25:38 Heavy Plow
26:17 Bow Saw
26:15 Gambesons
27:36 Chain Mail Armor
29:13 Gold Shaft Mining
30:08 Champion
31:34 Pikeman
32:20 Bodkin Arrow
33:30 Halberdier
34:56 Ballistics
36:37 Squires
39:40 Imperial Age
37:51 Chain Barding Armor
37:42 Padded Archer Armor
37:07 Crossbowman
37:40 Town Watch
40:01 Capped Ram
41:48 Blast Furnace
Mannnggg
10:32 Feudal Age
10:42 Man-at-Arms
12:58 Double-Bit Axe
19:11 Castle Age
19:07 Scale Barding Armor
25:09 Forging
33:20 Husbandry
33:34 Bloodlines
35:04 Chain Barding Armor
37:00 Fletching
40:02 Light Cavalry
40:58 Thumb Ring
patitocarlos
10:59 Feudal Age
14:41 Fletching
14:42 Double-Bit Axe
14:39 Horse Collar
18:01 Gold Mining
18:59 Padded Archer Armor
23:23 Castle Age
25:28 Pikeman
25:42 Pikeman
29:20 Imperial Age
27:25 Malon
27:32 Scale Mail Armor
27:58 Bow Saw
27:50 Heavy Plow
28:18 Elite Skirmisher
30:53 Butalmapu
33:08 Bodkin Arrow
35:35 Wheelbarrow
37:21 Hand Cart
41:11 Chemistry
40:31 Ballistics
Erickinio
1:03 Loom
15:10 Feudal Age
18:04 Double-Bit Axe
17:52 Man-at-Arms
20:34 Forging
23:19 Scale Mail Armor
33:01 Castle Age
31:09 Gold Mining
31:57 Stone Mining
33:31 Pikeman
33:57 Gambesons
34:49 Iron Casting
39:57 Arson
Connection lost

Rejoining the realm…

Still unreachable

The connection could not be restored.

Session expired

The server has moved on; the page needs a fresh start.